 Dungeon Crawl Stone Soup version 0.27.1-15-g792fb953b9 (webtiles) character file.

Game seed: 15032325038420013756

214 Findor the Cudgeller (level 5, -1/39 HPs)
             Began as a Demonspawn Gladiator on Nov 20, 2021.
             Succumbed to an orc wizard's poison
             ... on level 3 of the Dungeon.
             The game lasted 00:03:48 (2827 turns).

Findor the Cudgeller (Demonspawn Gladiator)         Turns: 2827, Time: 00:03:49

Health: -1/39      AC: 11    Str: 15    XL:     5   Next: 59%
Magic:  5/5        EV:  7    Int: 10    God:
Gold:   92         SH:  4    Dex: 14    Spells: 4/4 levels left

rFire    . . .     SeeInvis .   a - +0 flail
rCold    + . .     Faith    .   (no shield)
rNeg     . . .     Spirit   .   o - +0 chain mail
rPois    .         Reflect  .   c - +0 helmet
rElec    .         Harm     .   k - +0 cloak
rCorr    .         Rampage  .   b - +0 pair of gloves
Will     +....                  (no boots)
Stlth    ..........             (no amulet)
HPRegen  0.13/turn              j - ring of protection from cold
MPRegen  0.09/turn              p - ring of willpower

@: lethally poisoned (-1 -> -28), attractive, hasted, very quick
A: hooves 1, large bone plates 1, spiny 1
a: no special abilities


You were on level 3 of the Dungeon.
You visited 1 branch of the dungeon, and saw 3 of its levels.

You collected 92 gold pieces.


Innate Abilities, Weirdness & Mutations

You have large cloven feet.
You are partially covered in large bone plates. (SH +4)
You are partially covered in sharp spines.


   Skills:
 + Level 2.6 Fighting
 * Level 5.2 Maces & Flails
 - Level 1.7 Throwing
 + Level 1.3 Armour
 - Level 2.6 Dodging


You had 4 spell levels left.
You didn't know any spells.
Your spell library contained the following spells:

 Spells                   Type           Power      Damage    Failure   Level
 Sting                    Tmut/Pois      0%         1d3       100%        1
 Poisonous Vapours        Pois/Air       0%         N/A       100%        2
 Olgreb's Toxic Radiance  Pois           0%         N/A       100%        4

Inventory:

Hand Weapons
 a - a +0 flail (weapon)
Missiles
 d - 3 throwing nets (quivered) {!f}
Armour
 b - a +0 pair of gloves (worn)
   (You found it on level 2 of the Dungeon)
 c - a +0 helmet (worn)
 h - a +0 ring mail
   (You found it on level 1 of the Dungeon)
 k - a +0 cloak (worn)
   (You found it on level 2 of the Dungeon)
 o - a +0 chain mail (worn)
   (You took it off an orc on level 3 of the Dungeon)
Jewellery
 j - a ring of protection from cold (left hand)
   (You found it on level 2 of the Dungeon)
 p - a ring of willpower (right hand)
   (You found it on level 3 of the Dungeon)
Wands
 x - a wand of acid (6)
   (You found it on level 2 of the Dungeon)
Scrolls
 e - a scroll of vulnerability {unknown}
 g - 2 scrolls of teleportation {unknown}
 i - 2 scrolls of amnesia {unknown}
 n - a scroll of fear {unknown}
 q - a scroll of torment {unknown}


Message History

You feel very sick.
The orc wizard hits you but does no damage.
You are more poisoned.
You hit the orc wizard.
You feel sick.
The orc wizard gestures wildly while chanting.
The orc wizard flickers and vanishes!
Deactivating autopickup; reactivate with Ctrl-A.
You miss something. Your kick misses something.
You feel very sick.
You hear some strange, mumbled words.
Something tries to affect you, but you resist.
You closely miss something. Your kick misses something.
You feel sick.
You closely miss something.
You feel sick. Something completely misses you.
You closely miss something. Your kick misses something.
You feel sick. Something hits you but does no damage.
You are more poisoned.
You miss something.
* * * LOW HITPOINT WARNING * * *
You feel very sick. Something hits you.
* * * LOW HITPOINT WARNING * * *
Unknown command.
You barely miss something. You kick something.
* * * LOW HITPOINT WARNING * * *
You feel sick. Something hits you.
* * * LOW HITPOINT WARNING * * *
You are more poisoned.
Unknown command.
* * * LOW HITPOINT WARNING * * *
You feel very sick. Something is pulled toward you!
Unknown command.
Aiming: Corrosive Bolt
Press: ? - help, Shift-Dir - straight line
* * * LOW HITPOINT WARNING * * *
You feel very sick. Something hits you but does no damage.
You are more poisoned.
Aiming: Corrosive Bolt
Press: ? - help, Shift-Dir - straight line, f - you
Okay, then.
Unknown command.
Unknown command.
Autopickup is now on.
Autopickup is now off.
Aiming: Corrosive Bolt
Press: ? - help, Shift-Dir - straight line The bolt of acid hits something!
The acid corrodes something!
You feel a bit more experienced.
You die...

.. [. #.#.. ...≈P.P.
##.##. .... #.≈≈≈≈..
......##.> #.≈≈≈≈.#
.......#.# #.≈≈≈≈.##
....P.)..# ######..≈≈...#
...P..)..###......P≈..P..
.......#.................
...#.###)###.............
. # ##@####8###.#...#.#
#.......###.#.†.#.#
#..#.8.∩.8......#.#
#....#.<.#........#
#.##.#.8.##.......#
#.##.#...##.......#
#......#.........##
####.###.#.....#.#
.......#...........


There were no monsters in sight!

Vanquished Creatures
  A necrophage (D:3)
  An orc priest (D:3)
  An orc wizard (D:3)
  An adder (D:2)
  An adder zombie (D:3)
  2 adder skeletons (D:3)
  2 dart slugs
  7 orcs (D:3)
  3 endoplasms
  5 giant cockroaches
  5 goblins
  3 hobgoblins
  4 jackals
  3 kobolds (D:2)
  3 quokkas
  7 ball pythons
  2 ball python skeletons (D:3)
  A ball python zombie (D:3)
  3 bats
  3 frilled lizards (D:2)
  6 rats
64 creatures vanquished.

Vanquished Creatures (others)
  A withered plant (D:3)
1 creature vanquished.

Grand Total: 65 creatures vanquished

Notes
Turn   | Place    | Note
-------+----------+-------------------------------------------
     0 | D:1      | Findor the Demonspawn Gladiator began the quest for the
                  | Orb.
     0 | D:1      | Reached XP level 1. HP: 16/16 MP: 1/1
   154 | D:1      | Reached skill level 3 in Maces & Flails
   293 | D:1      | Gained mutation: You have large cloven feet. [demonic
                  | ancestry]
   293 | D:1      | Reached XP level 2. HP: 22/22 MP: 2/2
   544 | D:1      | Found a faded altar of an unknown god.
  1341 | D:2      | Gained mutation: You are partially covered in large bone
                  | plates. (SH +4) [demonic ancestry]
  1341 | D:2      | Reached XP level 3. HP: 27/27 MP: 3/3
  1371 | D:2      | Reached skill level 4 in Maces & Flails
  2583 | D:3      | Gained mutation: You are partially covered in sharp spines.
                  | [demonic ancestry]
  2583 | D:3      | Reached XP level 4. HP: 33/33 MP: 4/4
  2700 | D:3      | Noticed a necrophage
  2712 | D:3      | Killed a necrophage
  2713 | D:3      | Reached skill level 5 in Maces & Flails
  2713 | D:3      | Reached skill level 1 in Armour
  2713 | D:3      | Reached XP level 5. HP: 39/39 MP: 5/5
  2756 | D:3      | Found Ebro's Book Shoppe.
  2825 | D:3      | HP: 6/39 [poisoned by an orc wizard]
  2827 | D:3      | Succumbed to an orc wizard's poison

Levels and vault maps discovered:
D:1:      onia_arrival_pentagram, layout_loops_corners,
          shapermc_ecumenical_altar_flowoftime, st_stairs_6, minmay_tall_x
D:2:      layout_basic, kennysheep_another_room
D:3:      layout_loops_cross, minitemple, nicolae_qazlal_general_emergency,
          mainiacjoe_overflow_catwalk, serial_undead, serial_undead_d,
          serial_undead_c, serial_undead_f, serial_undead_c, serial_undead_b,
          serial_undead_d, serial_undead_d, serial_shops, shop,
          nicolae_square_shop, nicolae_shop_statue_plus

Action                   |  1- 3 |  4- 6 || total
-------------------------+-------+-------++-------
Melee: Flail             |   113 |    44 ||   157
       Kick              |    25 |    14 ||    39
Evoke: Wand              |       |     2 ||     2
  Use: Potion            |       |     4 ||     4
 Stab: Sleeping          |     2 |       ||     2
Armor: Leather armour    |     8 |       ||     8
       Ring mail         |    34 |     3 ||    37
       Chain mail        |       |    26 ||    26
Dodge: Dodged            |    78 |    16 ||    94
Block: Other             |     7 |     9 ||    16
